 Seeded DCSS version 0.30.1 (webtiles) character file.

Game seed: 6351066067085065685 (custom seed)

286 Esekla the Grave Robber (level 6, -3/32 HPs)
             Began as a Deep Elf Necromancer on July 6, 2023.
             Was a Follower of Vehumet.
             Slain by a gnoll
             ... wielding a +0 spear
             ... led by a gnoll bouda
              (4 damage)
             ... on level 4 of the Dungeon.
             The game lasted 00:13:07 (2482 turns).

Esekla the Grave Robber (Deep Elf Necromancer)      Turns: 2482, Time: 00:13:07

Health: -3/32      AC:  3    Str:  5    XL:     6   Next: 8%
Magic:  11/14      EV:  7    Int: 22    God:    Vehumet [*.....]
Gold:   162        SH:  0    Dex: 18    Spells: 10/14 levels left

rFire   . . .        a - +5 rapier of the Hero {heavy, rN+ Dex+3}
rCold   . . .        (no shield)
rNeg    + . .        j - +0 robe
rPois   .            (no helmet)
rElec   .            (no cloak)
rCorr   .            g - +0 pair of gloves
SInv    .            (no boots)
Will    .....        (no amulet)
Stlth   +++          (no ring)
HPRegen 0.25/turn    (no ring)
MPRegen 0.14/turn

%: no passive effects
@: weakened, held
A: no striking features
a: Renounce Religion


You were on level 4 of the Dungeon.
You worshipped Vehumet.
Vehumet was aware of your devotion.
You visited 1 branch of the dungeon, and saw 4 of its levels.

You collected 162 gold pieces.

Inventory:

Hand Weapons
 a - the +5 rapier of the Hero (weapon) {heavy, rN+ Dex+3}
   (You found it on level 3 of the Dungeon)

   Dex:       It affects your dexterity (+3).
   rN:        It protects you from negative energy.
 r - a +0 spear
Missiles
 p - 9 poisoned darts (quivered)
Armour
 g - a +0 pair of gloves (worn)
 j - a +0 robe (worn)
Wands
 f - a wand of roots (6)
Scrolls
 e - a scroll of fear {unknown}
 i - a scroll of immolation {unknown}
 k - a scroll of blinking {unknown}
 m - a scroll of fog {unknown}
 o - 3 scrolls of identify {unknown}
 q - a scroll of enchant armour {unknown}
 s - a scroll of amnesia {unknown}
Potions
 b - a potion of magic
 c - 2 potions of curing {unknown}
 d - a potion of ambrosia {unknown}
 h - 2 potions of attraction {unknown}
 l - 2 potions of brilliance {unknown}
 n - a potion of heal wounds {unknown}


   Skills:
 + Level 2.2 Short Blades
 * Level 3.9 Dodging
 + Level 3.9 Stealth
 * Level 4.5 Spellcasting
 * Level 6.3 Necromancy
 + Level 0.1 Evocations


You had 10 spell levels left.
You knew the following spells:

 Your Spells              Type           Power      Damage    Failure   Level
a - Necrotise             Necr           100%       1d9       1%          1
d - Vampiric Draining     Necr           32%        2d8       2%          3

Your spell library contained the following spells:

 Spells                   Type           Power      Damage    Failure   Level
 Foxfire                  Conj/Fire      16%        2x1d4     11%         1
 Animate Dead             Necr           32%        N/A       8%          4
 Lesser Beckoning         Tloc           8%         N/A       16%         2
 Agony                    Necr           32%        N/A       22%         5
 Gell's Gravitas          Tloc           4%         N/A       32%         3
 Teleport Other           Tloc           4%         N/A       32%         3


Dungeon Overview and Level Annotations

Branches:
Dungeon (4/15)
 Temple: D:4-7

Altars:
Hepliaklqana
Okawaru
Qazlal
Trog
Vehumet

Shops:
D:2 =


Message History

You feel life coursing into your body.
You start resting.
HP restored.
You start resting.
Magic restored.
You climb downwards.
The orc shouts!
The gnoll bouda barks out a call to the hunt!
The gnolls pick up the pace!
The gnoll throws a throwing net.
The throwing net hits you.
You become entangled in the net!
The gnoll hits you with a +0 club.
There is a stone staircase leading up, spattered with blood here.
You see here a throwing net.
You struggle against the net.
The gnoll hits you with a +0 club.
You struggle against the net.
The gnoll bouda gazes fiercely through you!
You feel your attacks grow feeble.
The gnoll bouda hits you with a +0 club!
The gnoll hits you with a +0 club.
You struggle against the net.
The gnoll bouda gazes fiercely through you!
You feel as though you will be weak longer.
The gnoll bouda hits you with a +0 club!
* * * LOW HITPOINT WARNING * * *
The orc barely misses you. The gnoll hits you with a +0 club.
* * * LOW HITPOINT WARNING * * *
The gnoll closely misses you.
Casting: Vampiric Draining (dangerous; 2% risk of failure)
Confirm with . or Enter, or press ? or * to list all spells.
Aiming: Vampiric Draining (dangerous; 2% risk of failure)
Press: ? - help, Shift-Dir - straight line, f - gnoll
Aim: a gnoll, wielding a +0 club (covering ground quickly)
You draw life force from the gnoll!
You feel life coursing into your body.
The gnoll bouda hits you with a +0 club.
* * * LOW HITPOINT WARNING * * *
The orc hits you from afar with a +0 trident.
* * * LOW HITPOINT WARNING * * *
The gnoll hits you but does no damage.
The gnoll hits you from afar with a +0 spear.
You die...

#...............###.......
#.................+.......
#................##.......
#................)........
+.........................
#........................#
#......g..................
#........g.....#..........
#........@.....#..........
#.......g.....##..........
#........oo....#..........
...........####.#..........
.............#....#..........
..g##.............#..........
... ......................>..
.. #...............######....
..........### #....


You could see a gnoll bouda, 2 gnolls and 2 orcs.

Vanquished Creatures
  A black bear (D:2)
  A hound (D:3)
  An iguana (D:2)
  6 gnolls
  3 adders
  2 dart slugs
  4 orcs (D:3)
  6 ball pythons
  4 endoplasms
  8 goblins
  4 hobgoblins
  A quokka (D:1)
  4 bats
  4 frilled lizards
  4 kobolds
  A rat (D:2)
54 creatures vanquished.

Notes
Turn   | Place    | Note
-------+----------+-------------------------------------------
     0 | D:1      | Esekla the Deep Elf Necromancer began the quest for the
                  | Orb.
     0 | D:1      | Reached XP level 1. HP: 10/10 MP: 6/6
   131 | D:1      | Reached skill level 5 in Necromancy
   190 | D:1      | Reached XP level 2. HP: 15/15 MP: 8/8
   268 | D:4      | Found a radiant altar of Vehumet.
   272 | D:4      | Became a worshipper of Vehumet
   282 | D:4      | Found an iron altar of Okawaru.
   486 | D:3      | Identified the +5 rapier of the Hero {heavy, rN+ Dex+3}
   545 | D:2      | Found Renulab's Jewellery Shop.
   714 | D:2      | Reached XP level 3. HP: 10/19 MP: 10/10
   813 | D:1      | Learned a level 3 spell: Vampiric Draining
  1116 | D:2      | Noticed a black bear
  1125 | D:2      | Killed a black bear
  1126 | D:2      | Reached skill level 1 in Short Blades
  1126 | D:2      | Reached XP level 4. HP: 24/24 MP: 12/12
  1126 | D:2      | Reached XP level 5. HP: 28/28 MP: 13/13
  1152 | D:2      | Reached skill level 6 in Necromancy
  1305 | D:2      | Reached * piety under Vehumet
  1305 | D:2      | Offered knowledge of Foxfire by Vehumet.
  1490 | D:2      | Found a faded altar of an unknown god.
  1684 | D:3      | Found a stormy altar of Qazlal.
  1687 | D:3      | Found a hazy altar of Hepliaklqana.
  1687 | D:3      | Found a bloodstained altar of Trog.
  2367 | D:3      | Reached XP level 6. HP: 19/32 MP: 8/14
  2482 | D:4      | HP: 1/32 [orc/+0 trident (6)]
  2482 | D:4      | Slain by a gnoll

Illustrated notes

Levels and vault maps discovered:
D:1:      sevenhm_arrival_forest_fort_small_3, layout_rooms,
          chequers_serial_rivers_room_b, minmay_misc_feat_five
D:2:      layout_loops_ring, dreamdust_ecumenical_altar_angels_and_demons,
          serial_shops, shop
D:3:      layout_basic, grunt_temple_overflow_open, minmay_misc_feat_iff
D:4:      layout_basic, nicolae_overflow_quartered_altars, serial_shops,
          nicolae_diamond_shop

Skill      XL: |  1  2  3  4  5 |
---------------+----------------+-----
Necromancy     | 5 6 |  6.3
Dodging        | 3 |  3.9
Stealth        | 3 |  3.9
Short Blades   | 1 2 |  2.2
Spellcasting   | 4 |  4.5
Evocations     | |  0.1

Action                     |  1- 3 |  4- 6 || total
---------------------------+-------+-------++-------
  Melee: Unarmed           |     9 |       ||     9
         Short sword       |     7 |       ||     7
         Dagger            |    16 |       ||    16
         Rapier            |    31 |    32 ||    63
         Punch             |       |     1 ||     1
   Cast: Vampiric Draining |     3 |    14 ||    17
  Evoke: Wand              |     2 |       ||     2
    Use: Potion            |     1 |       ||     1
   Stab: Sleeping          |     5 |       ||     5
 Armour: Robe              |    14 |     4 ||    18
  Dodge: Dodged            |    37 |    39 ||    76
